 Dungeon Crawl Stone Soup version 0.19.1 (webtiles) character file.

5219 Galewin the Severer (level 10, 0/77 HPs)
             Began as a Minotaur Berserker on Dec 21, 2016.
             Was a High Priest of Trog.
             Slain by a troll (5 damage)
             ... on level 10 of the Dungeon.
             The game lasted 00:20:15 (6231 turns).

Galewin the Severer (Minotaur Berserker)            Turns: 6231, Time: 00:20:16

Health: 0/77       AC:  7    Str: 25    XL:     10   Next: 35%
Magic:  9/9        EV:  6    Int:  4    God:    Trog [*****.]
Gold:   423        SH:  0    Dex: 10    Spells: 0 memorised, 9 levels left

rFire  . . .     SeeInvis +     f - +1 war axe (chop)
rCold  . . .     Gourm    .     s - +1 robe {MR+}
rNeg   . . .     Faith    .     x - +5 shield
rPois  .         Spirit   .     n - +1 hat {MR+}
rElec  .         Reflect  .     g - +2 cloak
rCorr  .         Harm     .     (no gloves)
MR     ++++.                    (no boots)
Stlth  +.........               (no amulet)
                                (no ring)
                                z - ring of see invisible

@: exhausted, about to teleport, held, regenerating, slowed, very slow
A: retaliatory headbutt, horns 2
a: Berserk, Trog's Hand, Brothers in Arms, Burn Spellbooks, Renounce Religion


You were on level 10 of the Dungeon.
You worshipped Trog.
Trog was extremely pleased with you.
You were hungry.

You visited 1 branch of the dungeon, and saw 10 of its levels.
You also visited: Ossuary.

You collected 639 gold pieces.
You spent 216 gold pieces at shops.

Inventory:

Hand Weapons
 f - a +1 war axe of chopping (weapon)
Armour
 g - a +2 cloak (worn)
 n - a +1 hat of magic resistance (worn)
 s - a +1 robe of magic resistance (worn)
 x - a +5 shield (worn)
Jewellery
 i - an uncursed ring of protection from fire
 z - a ring of see invisible (left hand)
Scrolls
 b - a scroll of magic mapping {unknown}
 e - 3 scrolls of teleportation
 h - 4 scrolls of remove curse
 j - 6 scrolls of noise {unknown}
 l - a scroll of fog {unknown}
 t - 2 scrolls of enchant weapon {unknown}
 u - 2 scrolls of identify
 y - 2 scrolls of immolation {unknown}
 B - a scroll of brand weapon {unknown}
 C - a scroll of enchant armour
 E - a scroll of fear
Potions
 a - a potion of cancellation {unknown}
 d - 3 potions of degeneration {unknown}
 k - 2 potions of haste {unknown}
 m - 5 potions of curing {unknown}
 p - 5 potions of heal wounds {unknown}
 q - 3 potions of brilliance {unknown}
 r - 3 potions of lignification {unknown}
 w - a potion of mutation {unknown}
 A - 2 potions of flight {unknown}
 D - a potion of agility {unknown}
 G - a potion of resistance {unknown}
 K - a potion of invisibility {unknown}
 L - a potion of ambrosia {unknown}
 M - 3 potions of might {unknown}
Comestibles
 c - 6 bread rations
 o - 4 meat rations
 v - 6 fruits
 F - 6 chunks of flesh


   Skills:
 - Level 3.6 Fighting
 * Level 15.4 Axes
 - Level 2.4 Armour
 - Level 2.1 Dodging
 + Level 9.1 Shields


You had 9 spell levels left.
You didn't know any spells.

Dungeon Overview and Level Annotations

Branches:
Dungeon (10/15)            Temple (0/1) D:4            Lair (0/6) D:9
    Orc: D:9-12

Altars:
Cheibriados
Makhleb
Ru
Xom
Yredelemnul
Zin
The Shining One

Shops:
D:3 *   D:5 ((   D:9 ?

Annotations:
D:10 Harold


Innate Abilities, Weirdness & Mutations

You reflexively headbutt those who attack you in melee.
You have a pair of horns on your head.


Message History

You feel a strong urge to attack something.
You shred the net and break free!
You are no longer berserk.
You are exhausted.
You feel yourself slow down. The troll bites you!
You block the troll's attack. x2
Harold throws a throwing net.
The throwing net hits you.
You become entangled in the net!
An orc comes into view.
You struggle against the net.
The troll barely misses you. You furiously retaliate!
You headbutt the troll, but do no damage.
The troll barely misses you. The troll claws you.
As you read the scroll of teleportation, it crumbles to dust.
You feel strangely unstable. The troll closely misses you. The troll claws you.
The troll claws you but does no damage. The troll bites you!
* * * LOW HITPOINT WARNING * * *
The troll claws you!
* * * LOW HITPOINT WARNING * * *
The troll claws you.
You die...

#..... #..... .... #.###
##...##### #####
#........###...... #
###........To'......
#######.).......@###.T....
##......#......@.# .....
#..######........# ....
'.## #........# ?.. ###
#(.......# .. # #........#
. # #........# #
###+######


You could see Harold, a troll and an orc.

Vanquished Creatures
  Gastronok (D:10)
  A two-headed ogre (D:9)
  Grinder (D:6)
  A wyvern (D:9)
  Duvessa (D:6)
  An orc warrior (D:6)
  An ice beast (D:5)
  4 sky beasts
  A black bear (D:10)
  6 ogres
  2 centaurs
  A crocodile (D:9)
  3 bullfrogs
  A big kobold (D:9)
  Blork the orc (D:5)
  A gnoll sergeant (D:4)
  Dowan (D:6)
  6 scorpions
  A wight (D:7)
  4 crimson imps
  2 bullfrog zombies
  2 hounds
  An iron imp (D:9)
  2 jellies
  5 orc priests
  2 bullfrog skeletons
  3 orc wizards
  8 worker ants
  3 mummies (Ossuary)
  7 gnolls
  A howler monkey skeleton (D:8)
  9 adders
  3 shadow imps
  An ooze (D:1)
  5 adder zombies (Ossuary)
  An adder skeleton (D:9)
  6 leopard geckos
  26 orcs
  5 giant cockroaches
  6 goblins
  6 hobgoblins
  8 jackals
  5 kobolds
  3 quokkas
  2 ball pythons
  7 bats
  3 goblin zombies (Ossuary)
  2 hobgoblin zombies (Ossuary)
  A jackal skeleton (D:4)
  A jackal zombie (D:5)
  3 kobold zombies (Ossuary)
  A leopard gecko skeleton (D:8)
  An orc zombie (Ossuary)
  3 quokka zombies (Ossuary)
  10 rats
  A rat zombie (Ossuary)
194 creatures vanquished.

Vanquished Creatures (others)
  A bullfrog (D:9)
  A killer bee (D:9)
  An adder (D:9)
  A leopard gecko (D:9)
  An orc (D:9)
5 creatures vanquished.

Grand Total: 199 creatures vanquished

Notes
Turn   | Place    | Note
-------+----------+-------------------------------------------
     0 | D:1      | Galewin the Minotaur Berserker began the quest for the Orb.
     0 | D:1      | Reached XP level 1. HP: 19/19 MP: 0/0
    96 | D:1      | Reached skill level 4 in Axes
   118 | D:1      | Reached XP level 2. HP: 24/26 MP: 1/1
   278 | D:1      | Reached skill level 5 in Axes
   368 | D:1      | Reached XP level 3. HP: 29/31 MP: 2/2
   756 | D:2      | Found a basalt altar of Yredelemnul.
   838 | D:2      | Reached ** piety under Trog
  1046 | D:3      | Found a glowing golden altar of the Shining One.
  1077 | D:3      | Reached XP level 4. HP: 39/39 MP: 3/3
  1082 | D:3      | Reached skill level 6 in Axes
  1409 | D:3      | Found Zin's Purification Station.
  1430 | D:3      | Found a glowing silver altar of Zin.
  1478 | D:3      | Reached XP level 5. HP: 42/45 MP: 4/4
  1479 | D:3      | Reached skill level 7 in Axes
  1749 | D:4      | Reached skill level 8 in Axes
  1749 | D:4      | Reached XP level 6. HP: 24/51 MP: 5/5
  2052 | D:4      | Found a staircase to the Ecumenical Temple.
  2262 | D:4      | Reached skill level 9 in Axes
  2267 | D:4      | Reached *** piety under Trog
  2594 | D:4      | Reached XP level 7. HP: 36/57 MP: 6/6
  2774 | D:5      | Entered Level 5 of the Dungeon
  2997 | D:5      | Reached skill level 1 in Shields
  3013 | D:5      | Reached skill level 10 in Axes
  3047 | D:5      | Found Fotob's Weapon Shop.
  3077 | D:5      | Bought a +1 war axe of chopping for 146 gold pieces
  3252 | D:5      | Noticed Blork the orc
  3258 | D:5      | Killed Blork the orc
  3391 | D:5      | Found Xiluppi's Weapon Emporium.
  3701 | D:6      | Reached skill level 11 in Axes
  3701 | D:6      | Reached XP level 8. HP: 64/64 MP: 7/7
  3789 | D:6      | Noticed Duvessa
  3793 | D:6      | Killed Duvessa
  3794 | D:6      | Noticed Dowan
  3806 | D:6      | Killed Dowan
  3855 | D:6      | Found a sacrificial altar of Ru.
  3882 | D:6      | Noticed Grinder
  3889 | D:6      | Killed Grinder
  3889 | D:6      | Reached skill level 12 in Axes
  3889 | D:6      | Reached skill level 5 in Shields
  4233 | D:7      | Found a sand-covered staircase.
  4246 | Ossuary  | Entered an ossuary
  4333 | Ossuary  | Reached **** piety under Trog
  4552 | D:7      | Reached XP level 9. HP: 70/70 MP: 8/8
  4605 | D:7      | Reached skill level 13 in Axes
  4812 | D:8      | Found a burning altar of Makhleb.
  4951 | D:8      | Found a sacrificial altar of Ru.
  5313 | D:9      | Found a snail-covered altar of Cheibriados.
  5335 | D:9      | Reached ***** piety under Trog
  5406 | D:9      | Found a shimmering altar of Xom.
  5457 | D:9      | Reached skill level 14 in Axes
  5818 | D:9      | Found Rots's Magic Scroll Shoppe.
  5821 | D:9      | Bought a scroll of identify for 28 gold pieces
  5821 | D:9      | Bought a scroll of teleportation for 42 gold pieces
  5893 | D:9      | Found a staircase to the Lair.
  6051 | D:10     | Entered Level 10 of the Dungeon
  6101 | D:10     | Noticed Gastronok
  6111 | D:10     | Killed Gastronok
  6111 | D:10     | Reached skill level 15 in Axes
  6111 | D:10     | Reached XP level 10. HP: 75/77 MP: 9/9
  6214 | D:10     | Noticed Harold
  6231 | D:10     | Slain by a troll

Skill      XL: |  1  2  3  4  5  6  7  8  9 10 |
---------------+-------------------------------+-----
Axes           | 4 5 6 8 9 11 12 15 | 15.4
Shields        | 3 5 8 9 |  9.1
Fighting       | |  3.6
Armour         | |  2.4
Dodging        | |  2.1

Action                   |  1- 3 |  4- 6 |  7- 9 | 10-12 || total
-------------------------+-------+-------+-------+-------++-------
Melee: Hand axe          |    61 |    53 |       |       ||   114
       Headbutt          |    11 |    10 |    49 |     3 ||    73
       Broad axe         |       |    34 |    32 |       ||    66
       War axe           |       |       |   241 |    16 ||   257
Invok: Berserk           |     2 |     4 |     9 |     1 ||    16
       Trog's Hand       |       |       |     1 |     1 ||     2
       Burn Spellbooks   |       |       |     2 |       ||     2
  Use: Scroll            |       |       |    15 |     2 ||    17
 Stab: Sleeping          |     1 |       |       |       ||     1
  Eat: Chunk             |     3 |     8 |    12 |       ||    23
       Beef jerky        |       |       |     4 |       ||     4
       Pizza             |       |       |     2 |       ||     2
Armor: Animal skin       |    18 |     8 |     7 |       ||    33
       Robe              |       |       |    33 |     2 ||    35
Dodge: Dodged            |    37 |    57 |    28 |     8 ||   130
Block: Shield            |       |       |   142 |    15 ||   157
